 Dungeon Crawl Stone Soup version 0.20.1-1-g8b1a95d (webtiles) character file.

326 Jukra the Chopper (level 6, 0/50 HPs)
             Began as a Demigod Fighter on Sept 12, 2017.
             Slain by Grinder (6 damage)
             ... on level 3 of the Dungeon.
             The game lasted 00:10:06 (3454 turns).

Jukra the Chopper (Demigod Fighter)                 Turns: 3454, Time: 00:10:07

Health: 0/50       AC: 11    Str: 23    XL:     6   Next: 3%
Magic:  8/8        EV:  6    Int: 12    God:
Gold:   186        SH: 10    Dex: 15    Spells: 5/5 levels left

rFire    . . .     SeeInvis .   a - +0 war axe
rCold    . . .     Gourm    .   c - +0 shield
rNeg     . . .     Faith    .   p - +0 chain mail
rPois    .         Spirit   .   r - +0 helmet (curse)
rElec    .         Reflect  .   (no cloak)
rCorr    .         Harm     .   (no gloves)
MR       .....                  k - +0 pair of boots
Stlth    ..........             (no amulet)
Regen    0.2/turn               (no ring)
MPRegen  0.2/turn               (no ring)

@: no status effects
A: high mp 1
a: no special abilities


You were on level 3 of the Dungeon.
You were not hungry.

You visited 1 branch of the dungeon, and saw 3 of its levels.

You collected 186 gold pieces.

Inventory:

Hand Weapons
 a - a +0 war axe (weapon)
 q - a cursed -1 dagger
 s - a +0 falchion of protection
Armour
 c - a +0 shield (worn)
 k - a +0 pair of boots (worn)
 p - a +0 chain mail (worn)
 r - a cursed +0 helmet (worn)
Wands
 f - a wand of confusion (30/48)
Scrolls
 i - a scroll of amnesia {unknown}
 j - a scroll of enchant weapon {unknown}
 l - 2 scrolls of immolation {unknown}
 n - a scroll of enchant armour {unknown}
 o - 2 scrolls of identify {unknown}
 u - 3 scrolls of remove curse
Potions
 b - 2 potions of lignification {unknown}
 d - a potion of might
 e - a potion of heal wounds {unknown}
 g - 2 potions of curing {unknown}
 m - a potion of flight {unknown}
Comestibles
 h - a meat ration
 t - 2 fruits


   Skills:
 + Level 2.9 Fighting
 * Level 4.8 Axes
 + Level 3.2 Armour
 + Level 0.6 Dodging
 * Level 1.9 Stealth
 + Level 3.2 Shields


You had 5 spell levels left.
You didn't know any spells.

Dungeon Overview and Level Annotations

Branches:
Dungeon (3/15)

Annotations:
D:3 Grinder


Innate Abilities, Weirdness & Mutations

You have an increased reservoir of magic. (+10% MP)


Message History

Grinder gestures at you.
You suddenly lose the ability to move!
Grinder hits you.
You writhe in agony.
Grinder hits you.
You writhe in agony.
* * * LOW HITPOINT WARNING * * *
Grinder gestures at you.
You shrug off the repeated paralysis!
Grinder gestures at you. You resist with some effort.
Grinder blinks!
You can move again.
Grinder gestures at you. Pain shoots through your body!
* * * LOW HITPOINT WARNING * * *
Grinder gestures at you. You resist with some effort. Grinder hits you.
* * * LOW HITPOINT WARNING * * *
You writhe in agony.
You die...

...###########
#### #........@5.#
...# ###########.#
...# ..####.#
...#######
#.#....#
.........#
#.#.####
.#.......# #.#.#
.#.......# #.#.#
.#.......# #.#.#
.#.......####)#.##


You could see Grinder.

Vanquished Creatures
  A centaur (D:3)
  A hound (D:3)
  An orc priest (D:3)
  2 orc wizards (D:3)
  Robin (D:3)
  3 adders
  2 worms
  3 dart slugs
  2 leopard geckos
  8 orcs (D:3)
  A ball python (D:2)
  6 bats
  14 goblins
  9 hobgoblins
  5 jackals
  A quokka (D:3)
  3 frilled lizards
  5 kobolds
  A leopard gecko skeleton (D:3)
  7 rats
76 creatures vanquished.

Notes
Turn   | Place    | Note
-------+----------+-------------------------------------------
     0 | D:1      | Jukra the Demigod Fighter began the quest for the Orb.
     0 | D:1      | Reached XP level 1. HP: 18/18 MP: 3/3
   470 | D:1      | Reached XP level 2. HP: 25/25 MP: 4/4
   596 | D:1      | Reached skill level 2 in Axes
   907 | D:2      | Found a blossoming altar of Fedhas.
  1333 | D:2      | Found a deep blue altar of Sif Muna.
  1599 | D:2      | Reached XP level 3. HP: 30/30 MP: 5/5
  1952 | D:2      | Reached skill level 1 in Stealth
  2065 | D:3      | Reached skill level 3 in Axes
  2065 | D:3      | Reached XP level 4. HP: 33/37 MP: 6/6
  2125 | D:3      | Noticed Robin
  2162 | D:3      | Killed Robin
  2425 | D:3      | Noticed a centaur
  2436 | D:3      | Killed a centaur
  2436 | D:3      | Reached skill level 4 in Axes
  2436 | D:3      | Reached XP level 5. HP: 26/44 MP: 7/7
  2959 | D:3      | Reached XP level 6. HP: 16/50 MP: 8/8
  3188 | D:3      | Found an ancient bone altar of Kikubaaqudgha.
  3435 | D:3      | Noticed Grinder
  3446 | D:3      | Paralysed by Grinder for 6 turns
  3454 | D:3      | Slain by Grinder

Skill      XL: |  1  2  3  4 |
---------------+-------------+-----
Armour         | 3 |  3.2
Axes           | 2 3 4 |  4.8
Stealth        | 1 |  1.9
Shields        | 3 |  3.2
Fighting       | |  2.9
Dodging        | |  0.6

Action                   |  1- 3 |  4- 6 || total
-------------------------+-------+-------++-------
Melee: Hand axe          |    15 |       ||    15
       War axe           |   110 |   128 ||   238
  Use: Scroll            |     3 |       ||     3
  Eat: Fruit             |     1 |       ||     1
       Chunk             |     2 |     2 ||     4
       Bread ration      |       |     1 ||     1
Armor: Scale mail        |    30 |       ||    30
       Chain mail        |    35 |    92 ||   127
Dodge: Dodged            |    29 |    31 ||    60
Block: Shield            |    75 |    86 ||   161
